 Dungeon Crawl Stone Soup version 0.31.0-11-ge490571c62 (webtiles) character file.

Game seed: 1015587741298288961

32 qw the Shooter (level 3, -3/20 HPs)
             Began as a Deep Elf Hunter on Feb 3, 2024.
             Slain by Sigmund
             ... wielding a +0 scythe
              (6 damage)
             ... on level 2 of the Dungeon.
             The game lasted 00:00:02 (773 turns).

qw the Shooter (Deep Elf Hunter)                     Turns: 773, Time: 00:00:03

Health: -3/20      AC:  5    Str: 10    XL:     3   Next: 10%
Magic:  5/5        EV: 11    Int: 13    God:
Gold:   113        SH:  0    Dex: 18    Spells: 2/2 levels left

rFire   . . .        a - +0 shortbow
rCold   . . .        (shield currently unavailable)
rNeg    . . .        d - +0 ring mail
rPois   .            (no helmet)
rElec   .            (no cloak)
rCorr   .            (no gloves)
SInv    .            (no boots)
Will    .....        (no amulet)
Stlth   +            (no ring)
HPRegen 0.23/turn    (no ring)
MPRegen 0.09/turn

%: no passive effects
@: no status effects
A: no striking features
a: no special abilities


You were on level 2 of the Dungeon.
You visited 1 branch of the dungeon, and saw 2 of its levels.

You collected 113 gold pieces.


   Skills:
 - Level 1.5 Fighting
 + Level 6.7 Ranged Weapons
 - Level 2.4 Dodging
 - Level 1.2 Stealth


You had 2 spell levels left.
You didn't know any spells.
Your spell library was empty.

Inventory:

Hand Weapons
 a - a +0 shortbow (weapon)
Armour
 d - a +0 ring mail (worn)
Scrolls
 b - 2 scrolls of teleportation {unknown}
 c - a scroll of poison {unknown}
Potions
 h - 2 potions of might
 j - a potion of berserk rage {unknown}
 m - a potion of degeneration {unknown}

Dungeon Overview and Level Annotations

Branches:
Dungeon (2/15)

Altars:

Annotations:
D:2 Sigmund


Message History

The ball python constricts you.
A ribbon worm comes into view.
Sigmund barely misses you. The ball python closely misses you.
The ball python constricts you.
You shoot an arrow.
The arrow completely misses the ball python.
The ball python barely misses you. The ball python constricts you.
Sigmund hits you from afar with a +0 scythe.
766 ||| DRINKING potion of heal wounds.
You feel much better. The ball python bites you.
The ball python constricts you.
The ball python bites you but does no damage.
The ball python constricts you.
You shoot an arrow.
The arrow barely misses the ball python.
Sigmund hits you from afar with a +0 scythe.
The ball python bites you but does no damage.
The ball python constricts you.
You shoot an arrow. The arrow hits the ball python.
You kill the ball python!
Sigmund hits you from afar with a +0 scythe!
You shoot an arrow. The arrow hits Sigmund.
Sigmund is heavily wounded.
Sigmund points at you and mumbles some strange words.
You resist with some effort.
You shoot an arrow. The arrow hits Sigmund.
Sigmund is heavily wounded.
Sigmund barely misses you.
The ribbon worm expels a string of sticky webbing.
The stream of webbing hits you but does no damage.
You are caught in a web!
You struggle to detach yourself from the web.
Sigmund gestures wildly while chanting.
Sigmund flickers and vanishes!
Deactivating autopickup; reactivate with Ctrl-A.
The web tears apart.
The ribbon worm bites you. Something hits you but does no damage.
You shoot an arrow. The arrow hits the ribbon worm.
The ribbon worm is lightly wounded.
The ribbon worm barely misses you. Something hits you.
You die...

###..###.### #.........
##.###.### #### #.#.....
.). #.#.#..# ..#
##.#.#..# ..#
######.#..#..#.# ..####.
......###.....###.......
.#####.#...###.#@w.#
##.(..# #..#.{#
###..###.##..# #.....##
..# #..#.## ..# #......
..# ##.#.### #.# ...#.#
.. #####.#


You could see a ribbon worm.

Vanquished Creatures
  3 endoplasms
  2 giant cockroaches
  A goblin (D:1)
  3 hobgoblins (D:1)
  6 jackals (D:1)
  A quokka (D:2)
  2 ball pythons
  4 bats
  3 frilled lizards (D:1)
  2 kobolds (D:1)
  2 rats (D:2)
29 creatures vanquished.

Notes
Turn   | Place    | Note
-------+----------+-------------------------------------------
     0 | D:1      | qw the Deep Elf Hunter began the quest for the Orb.
     0 | D:1      | Reached XP level 1. HP: 12/12 MP: 3/3
     0 | D:1      | 0 ||| qw: Version: 0.3-a-157-g843a77d
     0 | D:1      | 0 ||| qw: Game counter: 3729
     0 | D:1      | 0 ||| qw: Melee chars always use a shield: true
     0 | D:1      | 0 ||| qw: God list: Okawaru
     0 | D:1      | 0 ||| qw: Allow faded altars: false
     0 | D:1      | 0 ||| qw: Do Orc after clearing Dungeon:15 true
     0 | D:1      | 0 ||| qw: Do second Lair branch before Depths: true
     0 | D:1      | 0 ||| qw: Lair rune preference: random
     0 | D:1      | 0 ||| qw: Goals: Normal
     0 | D:1      | 0 ||| PLANNING D:1-11
   146 | D:1      | Reached skill level 6 in Ranged Weapons
   146 | D:1      | Reached XP level 2. HP: 16/16 MP: 4/4
   470 | D:1      | 470 ||| UPGRADING to +0 ring mail.
   480 | D:1      | 480 ||| DROPPING +0 leather armour.
   481 | D:1      | 481 ||| READING scroll labelled IJYTSA KEXIVUE.
   482 | D:1      | 482 ||| READING scroll labelled YLELEOCKIO.
   483 | D:1      | 483 ||| READING scroll labelled LOT ZIV QYI.
   483 | D:1      | 483 ||| IDENTIFYING emerald potion
   484 | D:1      | 484 ||| DRINKING 2 inky potions.
   485 | D:1      | 485 ||| DRINKING 2 metallic orange potions.
   486 | D:1      | 486 ||| DRINKING 2 cyan potions.
   517 | D:1      | 517 ||| DROPPING scroll of butterflies.
   518 | D:1      | 518 ||| DROPPING potion of attraction.
   519 | D:1      | 519 ||| DROPPING potion of lignification.
   672 | D:2      | Reached XP level 3. HP: 20/20 MP: 5/5
   759 | D:2      | Noticed Sigmund
   765 | D:2      | HP: 5/20 [constriction (1)]
   766 | D:2      | 766 ||| DRINKING potion of heal wounds.
   772 | D:2      | HP: 3/20 [ribbon worm (4)]
   773 | D:2      | Slain by Sigmund

Levels and vault maps discovered:
D:1:      spicycebolla_arrival_xxxplode, layout_basic, serial_rivers,
          chequers_serial_rivers_small_a, chequers_serial_rivers_micro_d,
          chequers_serial_rivers_marsh, chequers_serial_rivers_room_a,
          chequers_serial_rivers_small_a
D:2:      layout_loops_ring, minmay_misc_feat_room, uniq_sigmund

Skill      XL: |  1 |
---------------+----+-----
Ranged Weapons | 6 |  6.7
Fighting       | |  1.5
Dodging        | |  2.4
Stealth        | |  1.2

Action                     || total
---------------------------++-------
   Fire: Shortbow          ||    72
    Use: Potion            ||     4
         Scroll            ||     3
 Armour: Leather armour    ||     4
         Ring mail         ||    13
  Dodge: Dodged            ||    15

Table legend:
 A = Non-vault XP
 B = Vault XP
 C = Vault XP percentage of total XP
 D = Non-vault monster count
 E = Vault monster count
 F = Vault count percentage of total count
                 A         B        C        D         E       F
            +---------+---------+-------+---------+---------+-------
      Total |      47 |       0 |   0.0 |      29 |       0 |   0.0
            +---------+---------+-------+---------+---------+-------
        D:1 |      34 |       0 |   0.0 |      21 |       0 |   0.0
        D:2 |      13 |       0 |   0.0 |       8 |       0 |   0.0
            +---------+---------+-------+---------+---------+-------
